 Dungeon Crawl Stone Soup version 0.27-a0-416-gca2cecf3c0 (webtiles) character file.

Game seed: 17547963495177986927

41 dickylongcocking the Sneak (level 3, -2/29 HPs)
             Began as a Merfolk Delver on Feb 25, 2021.
             Was an Initiate of Yredelemnul.
             Slain by Terence
             ... wielding a +0 flail
              (10 damage)
             ... on level 2 of the Dungeon.
             The game lasted 00:02:55 (2345 turns).

dickylongcocking the Sneak (Merfolk Delver)         Turns: 2345, Time: 00:02:55

Health: -2/29      AC:  3    Str: 12    XL:     3   Next: 52%
Magic:  3/3        EV: 12    Int:  9    God:    Yredelemnul [......]
Gold:   39         SH:  0    Dex: 16    Spells: 2/2 levels left

rFire    . . .     SeeInvis .   a - +0 spear
rCold    . . .     Faith    .   (no shield)
rNeg     . . .     Spirit   .   b - +0 leather armour
rPois    .         Reflect  .   (no helmet)
rElec    .         Harm     .   (no cloak)
rCorr    .         Rampage  .   (no gloves)
Will     .....                  (no boots)
Stlth    +++.......             (no amulet)
HPRegen  0.09/turn              (no ring)
MPRegen  0.08/turn              (no ring)

@: very slightly contaminated, invisible
A: change form in water, swift swim, stealthy swim
a: Renounce Religion


You were on level 2 of the Dungeon.
You worshipped Yredelemnul.
Yredelemnul was noncommittal.
You visited 2 branches of the dungeon, and saw 6 of its levels.

You collected 39 gold pieces.

Inventory:

Hand Weapons
 a - a +0 spear (weapon)
Armour
 b - a +0 leather armour (worn)
Wands
 g - a wand of digging (2)
Scrolls
 c - 2 scrolls of fog
 e - 2 scrolls of fear
 i - a scroll of magic mapping
 j - 2 scrolls of identify {unknown}
 k - a scroll of teleportation {unknown}
 l - a scroll of amnesia {unknown}
Potions
 d - a potion of heal wounds {unknown}
 m - a potion of mutation {unknown}
 n - a potion of haste


   Skills:
 - Level 3.3 Fighting
 * Level 4.7 Polearms
 - Level 0.1 Armour
 - Level 2.7 Dodging
 - Level 5.9 Stealth


You had 2 spell levels left.
You didn't know any spells.
Your spell library was empty.

Dungeon Overview and Level Annotations

Branches:
Dungeon (5/15)             Temple (1/1) D:4

Altars:
Cheibriados
Elyvilon
Makhleb
Qazlal
Sif Muna
Uskayaw
Wu Jian
Xom
Yredelemnul
Zin

Annotations:
D:2 Terence


Message History

You barely miss Terence.
Terence is heavily wounded.
Terence hits you with a +0 flail!
* * * LOW HITPOINT WARNING * * *
You hit Terence but do no damage.
Terence is heavily wounded.
Okay, then.
Reach: a) +0 spear
Press: ? - help, Dir - move target, f - Terence
Aim: Terence, wielding a +0 flail, wearing a +0 scale mail and carrying a wand of random effects (16) (heavily wounded, wandering, hasn't noticed you, about 31% to evade your +0 spear)
You reach to attack!
You hit Terence but do no damage.
Terence is heavily wounded.
Reach: a) +0 spear
Press: ? - help, Dir - move target, f/p - Terence
Aim: Terence, wielding a +0 flail, wearing a +0 scale mail and carrying a wand of random effects (16) (heavily wounded, wandering, hasn't noticed you, about 31% to evade your +0 spear)
You reach to attack!
You hit Terence.
Terence is severely wounded.
You closely miss Terence.
Terence is severely wounded.
Reach: a) +0 spear
Press: ? - help, Dir - move target, f/p - Terence
Aim: Terence, wielding a +0 flail, wearing a +0 scale mail and carrying a wand of random effects (16) (severely wounded, wandering, hasn't noticed you, about 31% to evade your +0 spear)
You reach to attack!
Your leather armour prevents you from hitting Terence.
Terence is severely wounded.
Reach: a) +0 spear
Press: ? - help, Dir - move target, f/p - Terence
Aim: Terence, wielding a +0 flail, wearing a +0 scale mail and carrying a wand of random effects (16) (severely wounded, wandering, hasn't noticed you, about 31% to evade your +0 spear)
You closely miss Terence.
Terence is severely wounded.
You catch the helpless Terence completely off-guard!
You hit Terence but do no damage.
Terence is severely wounded.
Terence barely misses you.
Unknown command.
You hit Terence.
Terence is almost dead.
Terence hits you with a +0 flail!
You die...
Your body rises from the dead as a mindless zombie.

###########
########..<.......
#....@...#########
..$.##.@.### #
###... #####


You could see Terence.

Vanquished Creatures
  A worm (D:4)
  A dart slug (D:1)
  2 orcs
  A ball python (D:1)
  6 hobgoblins (D:1)
  6 jackals (D:1)
  2 bats (D:1)
  2 frilled lizards (D:1)
  5 goblins
  A kobold (D:1)
  3 rats (D:1)
30 creatures vanquished.

Notes
Turn   | Place    | Note
-------+----------+-------------------------------------------
     0 | D:5      | dickylongcocking the Merfolk Delver began the quest for the
                  | Orb.
     0 | D:5      | Reached XP level 1. HP: 18/18 MP: 1/1
    29 | D:4      | Found a staircase to the Ecumenical Temple.
    38 | Temple   | Entered the Ecumenical Temple
   414 | Temple   | Became a worshipper of Yredelemnul the Dark
   502 | D:3      | Noticed an orc priest
   774 | D:4      | Reached XP level 2. HP: 24/24 MP: 2/2
  1219 | D:1      | Reached XP level 3. HP: 29/29 MP: 3/3
  2309 | D:2      | Noticed Terence
  2345 | D:2      | Slain by Terence

Illustrated notes

Levels and vault maps discovered:
D:1:      eino_arrival_tree_alley, layout_basic, hex_large
D:2:      layout_rooms, nicolae_overflow_hidden_temple, uniq_terence
D:3:      layout_basic, marbit_many_paths, grunt_dithmenos_smoke,
          chequers_ecumenical_altar_grove, hangedman_glass_teeth
D:4:      layout_rooms, minitemple, nicolae_ru_awakened_eye,
          nicolae_overflow_crystal_walls, minmay_temple_entry_tees,
          minmay_misc_feat_hallway, uniq_eustachio
D:5:      layout_cave_pools, minmay_increasing_density
Temple:   dpeg_chambers_temple

Skill      XL: |  1  2 |
---------------+-------+-----
Polearms       | 4 |  4.7
Fighting       | |  3.3
Armour         | |  0.1
Dodging        | |  2.7
Stealth        | |  5.9

Action                   || total
-------------------------++-------
Melee: Spear             ||   139
Evoke: Wand              ||     1
  Use: Potion            ||     3
       Scroll            ||     1
 Stab: Sleeping          ||    13
       Invisible         ||     2
Armor: Leather armour    ||    26
Dodge: Dodged            ||    84

Table legend: (Time is in decaauts)
 A = Elapsed time spent in this place.
 B = Non-inter-level travel time spent in this place.
 C = Inter-level travel time spent in this place.
 D = Time resting spent in this place.
 E = Time spent auto-exploring this place.
 F = Levels seen in this place.
 G = Mean time per level.
                   A        B        C        D        E       F      G
               +--------+--------+--------+--------+--------+-----+--------+
         Total |   2315 |   2229 |     86 |    562 |   1133 |   6 |  385.8 |
       Dungeon |   1931 |   1852 |     79 |    562 |    937 |   5 |  386.2 |
        Temple |    384 |    377 |      7 |      0 |    196 |   1 |  384.0 |
               +--------+--------+--------+--------+--------+-----+--------+

Top non-repeatable levels by time:
     D:1: 1268 daAuts
  Temple: 384 daAuts
     D:4: 330 daAuts
     D:3: 287 daAuts
     D:2: 39 daAuts
     D:5: 5 daAuts
